 Dungeon Crawl Stone Soup version 0.31-a0-263-ge8cad7f256 (webtiles) character file.

Game seed: 4889590147321377162

262 qw the Shooter (level 5, -6/45 HPs)
             Began as a Minotaur Hexslinger on July 13, 2023.
             Mangled by a water moccasin (7 damage)
             ... on level 3 of the Dungeon.
             The game lasted 00:00:58 (2147 turns).

qw the Shooter (Minotaur Hexslinger)                Turns: 2147, Time: 00:00:59

Health: -6/45      AC:  3    Str: 12    XL:     5   Next: 97%
Magic:  5/5        EV: 12    Int: 10    God:
Gold:   1267       SH:  0    Dex: 15    Spells: 5/6 levels left

rFire   . . .        Y - +1 sling
rCold   . . .        (no shield)
rNeg    . . .        d - +0 leather armour
rPois   .            (helmet restricted)
rElec   .            (no cloak)
rCorr   .            (no gloves)
SInv    .            (no boots)
Will    .....        (no amulet)
Stlth   +            (no ring)
HPRegen 0.27/turn    (no ring)
MPRegen 0.09/turn

%: no passive effects
@: lethally poisoned (-6 -> -15)
A: horns 2, retaliatory headbutt
a: no special abilities


You were on level 3 of the Dungeon.
You visited 1 branch of the dungeon, and saw 3 of its levels.

You collected 1267 gold pieces.


Innate Abilities, Weirdness & Mutations

You have a pair of horns on your head.
You reflexively headbutt those who attack you in melee.


   Skills:
 + Level 3.3 Fighting
 - Level 6.2 Ranged Weapons
 - Level 2.1 Dodging
 - Level 1.0 Spellcasting
 - Level 2.0 Hexes


You had 5 spell levels left.
You knew the following spells:

 Your Spells              Type           Power      Damage    Failure   Level
a - Slow                  Hex            16%        N/A       19%         1

Your spell library contained the following spells:

 Spells                   Type           Power      Damage    Failure   Level
 Inner Flame              Hex/Fire       2%         N/A       65%         3
 Portal Projectile        Hex/Tloc       4%         N/A       65%         3
 Cause Fear               Hex            2%         N/A       88%         4

Inventory:

Hand Weapons
 Y - a +1 sling (weapon)
Armour
 d - a +0 leather armour (worn)
Scrolls
 a - 2 scrolls of teleportation {unknown}
 b - a scroll of noise {unknown}
 j - a scroll of identify
Potions
 c - a potion of resistance {unknown}
 e - a potion of enlightenment
 f - 2 potions of magic {unknown}
 g - 2 potions of curing
 k - a potion of might

Dungeon Overview and Level Annotations

Branches:
Dungeon (3/15)

Altars:

Annotations:
D:3 3 runed translucent doors, qw's ghost, amateur MiHs


Message History

You shoot a sling bullet.
The sling bullet barely misses the water moccasin.
The water moccasin bites you.
The water moccasin bites you but does no damage.
You shoot a sling bullet.
The sling bullet hits the water moccasin.
The water moccasin is heavily wounded.
The water moccasin closely misses you. The water moccasin bites you.
You shoot a sling bullet.
The sling bullet hits the water moccasin but does no damage.
The water moccasin is heavily wounded.
The water moccasin bites you.
You are poisoned.
The water moccasin poisons you!
You shoot a sling bullet.
The sling bullet closely misses the water moccasin.
You feel very sick. The water moccasin bites you.
The water moccasin bites you but does no damage.
You shoot a sling bullet.
The sling bullet hits the water moccasin.
The water moccasin is heavily wounded.
You feel very sick. The water moccasin bites you. x2
You are more poisoned.
The water moccasin poisons you!
You shoot a sling bullet.
The sling bullet hits the water moccasin!
The water moccasin is almost dead.
You feel very sick. The water moccasin bites you.
You shoot a sling bullet.
The sling bullet closely misses the water moccasin.
You feel very sick. The water moccasin bites you. x2
You shoot a sling bullet.
The sling bullet misses the water moccasin.
You feel very sick. The water moccasin barely misses you.
The water moccasin bites you!
You die...

.#. 7P.....P77####.#..##...%# #.#
7PP...PP7 ###.#...#%..## #.#
7PP.PP77 #.......#####.
#.##7777.777 #.#.#.#####.%.
#.##..77.77# #.....# #.###.
#####.##.......# #.#.#.###..##.
...............# #........#.###
#####..........#####.#.##.###.###
# #####.......@......##.# #.... #
#......S#########.# ##### #
#.##.##.# #.# # #.##.##.# #.# #
#.##..... #.# .# #. #.# #. ..


You could see a water moccasin.

Vanquished Creatures
  A black bear (D:3)
  Natasha (twice) (D:2)
  A gnoll (D:1)
  3 adders (D:2)
  2 worms (D:2)
  7 dart slugs
  An orc (D:3)
  4 bats
  7 endoplasms
  A giant cockroach (D:2)
  9 goblins
  2 hobgoblins (D:1)
  6 jackals
  4 kobolds
  2 quokkas (D:1)
  4 ball pythons
  A frilled lizard (D:3)
  6 rats
63 creatures vanquished.

Notes
Turn   | Place    | Note
-------+----------+-------------------------------------------
     0 | D:1      | qw the Minotaur Hexslinger began the quest for the Orb.
     0 | D:1      | Reached XP level 1. HP: 16/16 MP: 1/1
     0 | D:1      | 0 ||| qw: Version: 0.3-a-52-g30416fa
     0 | D:1      | 0 ||| qw: Game counter: 7271
     0 | D:1      | 0 ||| qw: Melee chars always use a shield: true
     0 | D:1      | 0 ||| qw: God list: Okawaru
     0 | D:1      | 0 ||| qw: Allow faded altars: false
     0 | D:1      | 0 ||| qw: Do Orc after clearing Dungeon:15 true
     0 | D:1      | 0 ||| qw: Do second Lair branch before Depths: true
     0 | D:1      | 0 ||| qw: Lair rune preference: random
     0 | D:1      | 0 ||| qw: Goals: Normal
     0 | D:1      | 0 ||| PLANNING D:1-11
    59 | D:1      | Reached skill level 3 in Ranged Weapons
    59 | D:1      | Reached XP level 2. HP: 23/23 MP: 2/2
   174 | D:1      | Reached XP level 3. HP: 29/29 MP: 3/3
   260 | D:1      | Found a faded altar of an unknown god.
   398 | D:1      | Reached skill level 4 in Ranged Weapons
   533 | D:1      | 533 ||| UPGRADING to +0 leather armour.
   543 | D:1      | 543 ||| DROPPING +0 robe.
   544 | D:1      | 544 ||| READING scroll labelled MIROTU JACWA.
   545 | D:1      | 545 ||| READING scroll labelled FOINEN YHEU.
   546 | D:1      | 546 ||| READING 4 scrolls labelled FUDAOT HUEJU.
   547 | D:1      | 547 ||| DRINKING 2 white potions.
   548 | D:1      | 548 ||| READING 3 scrolls of identify.
   548 | D:1      | 548 ||| IDENTIFYING glowing green potion
   549 | D:1      | 549 ||| READING 2 scrolls of identify.
   549 | D:1      | 549 ||| IDENTIFYING dark potion
   550 | D:1      | 550 ||| DROPPING scroll of poison.
   551 | D:1      | 551 ||| DROPPING potion of attraction.
   693 | D:2      | Reached XP level 4. HP: 36/36 MP: 4/4
   702 | D:2      | Noticed Natasha
   710 | D:2      | Killed Natasha
   778 | D:2      | Reached skill level 5 in Ranged Weapons
  1077 | D:2      | Noticed Natasha
  1090 | D:2      | Killed Natasha
  1091 | D:2      | Reached skill level 3 in Fighting
  1091 | D:2      | Reached XP level 5. HP: 19/45 MP: 5/5
  1423 | D:2      | 1423 ||| READING scroll labelled ORUIPN YFUA.
  1423 | D:2      | Identified a scroll of acquirement
  1423 | D:2      | 1423 ||| ACQUIRING 1087 gold pieces
  1423 | D:2      | Acquired 1087 gold pieces
  1425 | D:2      | 1425 ||| READING scroll labelled DAOF HAFAEN.
  1426 | D:2      | 1426 ||| DRINKING 2 fuming cyan potions.
  1427 | D:2      | 1427 ||| READING 2 scrolls of identify.
  1427 | D:2      | 1427 ||| IDENTIFYING glowing black potion
  1428 | D:2      | 1428 ||| DROPPING potion of degeneration.
  1671 | D:3      | Noticed a black bear
  1682 | D:3      | Killed a black bear
  1683 | D:3      | Reached skill level 6 in Ranged Weapons
  1821 | D:3      | Noticed qw's ghost (amateur MiHs)
  1823 | D:3      | Found a runed translucent gate.
  1824 | D:3      | Found a runed translucent gate.
  1824 | D:3      | Identified the +6 sling of the Hated {flame, rF+ rCorr
                  | Str+3}
  1825 | D:3      | Found a runed translucent gate.
  2136 | D:3      | Noticed a water moccasin
  2146 | D:3      | HP: 6/45 [water moccasin (6)]
  2147 | D:3      | HP: 1/45 [poisoned by a water moccasin]
  2147 | D:3      | Mangled by a water moccasin

Levels and vault maps discovered:
D:1:      erik_arrival_blinker_ship, layout_rooms,
          shapermc_ecumenical_altar_flowoftime
D:2:      layout_loops_ring, uniq_natasha
D:3:      layout_loops_ring, serial_forest, infiniplex_forest_lined_2,
          infiniplex_forest_straight_3, infiniplex_forest_clump_double,
          infiniplex_forest_end_1, infiniplex_forest_zigzag_1,
          infiniplex_forest_fountain, infiniplex_forest_straight_4,
          infiniplex_forest_end_1, infiniplex_forest_zigzag_1,
          biasface_ghost_orc_armoury, wander_ebering_terrifying_dragon_lair

Skill      XL: |  1  2  3  4  5 |
---------------+----------------+-----
Ranged Weapons | 3 4 5 6 |  6.2
Fighting       | 2 3 |  3.3
Dodging        | |  2.1
Spellcasting   | |  1.0
Hexes          | |  2.0

Action                     |  1- 3 |  4- 6 || total
---------------------------+-------+-------++-------
   Fire: Sling             |   116 |   123 ||   239
    Use: Scroll            |     5 |     3 ||     8
         Potion            |     1 |     1 ||     2
 Armour: Robe              |     8 |       ||     8
         Leather armour    |     2 |    15 ||    17
  Dodge: Dodged            |    43 |    33 ||    76

Table legend:
 A = Non-vault XP
 B = Vault XP
 C = Vault XP percentage of total XP
 D = Non-vault monster count
 E = Vault monster count
 F = Vault count percentage of total count
                 A         B        C        D         E       F
            +---------+---------+-------+---------+---------+-------
      Total |     339 |      36 |   9.6 |      61 |       2 |   3.2
            +---------+---------+-------+---------+---------+-------
        D:1 |      65 |       0 |   0.0 |      27 |       0 |   0.0
        D:2 |     121 |      35 |  22.4 |      24 |       1 |   4.0
        D:3 |     153 |       1 |   0.6 |      10 |       1 |   9.1
            +---------+---------+-------+---------+---------+-------
